Zazza, neutral female human Tourist -------- ------ |<|>...---....| |^|-.`........| |B||.```|.`...| |^||....|.....| |.|------.----| |B| |......| |@------......| |.............| |..-----......| ---- -------- Zazza the Rambler Experience level: 1 Strength: 11 Dexterity: 10 Constitution: 17 Intelligence: 10 Wisdom: 9 Charisma: 18 Health: 0(10) Energy: 2(2) Def: 5 Gold: 85 Moves: 2743 Dungeon seed: 2nlvQqcqAI2B3EdZ Game ID: Zazza_1618661478 Your Inventory: Coins $ - 85 gold pieces Weapons a - 35 +2 darts (in quiver) q - a blessed +0 orcish dagger s - a +0 orcish dagger (weapon in hand) G - a +0 ranseur O - a blessed +1 arrow S - a blessed +0 orcish spear Armor e - an uncursed +0 Hawaiian shirt (being worn) n - an uncursed +0 pair of jumping boots (being worn) y - an uncursed +0 orcish helm (being worn) M - an uncursed +0 cloak of protection (being worn) T - an uncursed +0 pair of low boots Y - an uncursed +0 pair of gauntlets of fumbling Comestibles b - 6 uncursed food rations c - 4 uncursed tripe rations d - an uncursed cream pie f - 2 uncursed slime molds i - an uncursed tin of sewer rat meat w - an uncursed food ration x - 2 uncursed sprigs of wolfsbane A - 5 uncursed tripe rations B - 3 uncursed eggs E - an uncursed apple Scrolls j - an uncursed scroll of magic mapping C - a cursed scroll of earth H - a cursed scroll of destroy armor I - an uncursed scroll of identify K - an uncursed scroll of earth U - an uncursed scroll of punishment V - an uncursed scroll of light Spellbooks X - an uncursed spellbook of healing Potions g - an uncursed potion of extra healing h - a blessed potion of extra healing m - an uncursed potion of hallucination v - a blessed potion of fruit juice D - a cursed potion of booze F - an uncursed potion of booze P - an uncursed potion of sleeping Rings o - an uncursed ring of shock resistance u - an uncursed ring of see invisible (on left hand) Wands R - a wand of probing (0:4) W - a wand of nothing (0:3) Tools k - an expensive camera (0:56) l - an uncursed credit card p - an uncursed sack t - an uncursed towel J - an uncursed oil lamp (0:0) L - an uncursed blindfold Gems r - 2 uncursed worthless pieces of violet glass z - an uncursed worthless piece of black glass N - an uncursed worthless piece of blue glass Q - an uncursed worthless piece of orange glass Spells and supernatural/magical abilities: Name Level Category Fail Memory W - pray for help -- divine ? -- Y - supernatural jump -- ability ? -- Your skills at the end: Fighting Skills Weapon Skills dart [Basic] Spellcasting Skills Final Attributes: You were nominally aligned. You were poison resistant. You saw invisible. You were telepathic. You could jump. You were protected. You are dead. Vanquished creatures: 2 shriekers a floating eye 2 gas spores a hobbit a large kobold 2 giant rats a cave spider a red mold 2 geckos 12 jackals a kobold 3 goblins 3 sewer rats 5 grid bugs a lichen a kobold zombie 2 newts 41 creatures vanquished. Voluntary challenges: You used a wielded weapon 3 times, starting on turn 2156. You read items or engraved 10 times, starting on turn 549. You never genocided any monsters. You never polymorphed an object. You never changed form. You used no wishes. You never split a pudding. You wrote Elbereth's name 4 times, starting on turn 1441. You never violated your personal moral code. Dungeon overview: The Dungeons of Doom: levels 1 to 7 Level 1 a long staircase Level 2 a delicatessen, a fountain Level 3 an armor shop Level 4 stairs to The Gnomish Mines Level 5 Level 6 many fountains Level 7 stairs to Sokoban The Gnomish Mines: Level 5 stairs to The Dungeons of Doom Sokoban: Level 6 <- You were here stairs to The Dungeons of Doom History has recorded: On T:1 you entered the Dungeons of Doom to retrieve the Amulet of Yendor! On T:421 you reached level 2 of The Dungeons of Doom. On T:813 you reached level 3 of The Dungeons of Doom. On T:905 you reached level 4 of The Dungeons of Doom. On T:1223 you reached level 1 of The Gnomish Mines. On T:1627 you reached level 5 of The Dungeons of Doom. On T:2057 you reached level 6 of The Dungeons of Doom. On T:2410 you reached level 7 of The Dungeons of Doom. On T:2450 you reached level 4 of Sokoban. Score breakdown: Gold: 0 ( 0 points) Experience: 1 level ( 0 points) Exploration: 7 levels ( 14.89%) (10834 points) Discoveries: 2 items ( 0.67%) ( 2457 points) Valuables value: (no points given unless you survive) Artifact value: 0 ( 0 points) Variety of kills: 17 monsters ( 4.46%) ( 6336 points) Turncount: 2743 turns ( -467 points) Survival: died (score multiplied by 80%) Total score: 15328 Latest messages: With great effort you move the boulder. The boulder fills a pit. With great effort you move the boulder. The boulder fills a pit. You have a little trouble lifting C - a scroll labeled VENZAR BORGAVVE. You have a little trouble lifting K - a scroll labeled VENZAR BORGAVVE. With great effort you move the boulder. The boulder fills a pit. You see here a food ration. You have a little trouble lifting b - an uncursed food ration. You have a little trouble lifting R - an aluminum wand. With great effort you move the boulder. The boulder fills a pit. With great effort you move the boulder. The boulder fills a pit. The bat bites! The bat misses. The bat bites! (2x) You die... The sack is empty. Final status: Aloha Zazza the Tourist, killed by a bat... You died in Sokoban on dungeon level 6 with 15328 points, and 85 pieces of gold, after 2743 moves. You were level 1 with a maximum of 10 hit points when you died.